Map: map with big hole 01

Players

wasp

  • Race: Protoss Protoss
  • Spawn Location: 11:00

NamroodTuo - Winner!

  • Race: Terran Terran
  • Spawn Location: 5:00

VOD

Have the link to the VOD?

Description

Time

  • Played on: June 6, 2023, 7:15 a.m.
  • Length: 21:27
Show
View Real Time Build Order
Export as new Build Order

wasp Protoss 

Build Orders:  

Get SALT Encoding   

  12  0:11  Probe  
  13  0:23  Probe  
  14  0:32  Pylon  
  14  0:38  Pylon  
  14  0:59  Gateway  
  14  1:10  Probe (Chrono Boost), Assimilator  
  15  1:22  Probe (Chrono Boost)  
  16  1:27  Probe (Chrono Boost)  
  17  1:36  Probe  
  18  1:48  Probe (Chrono Boost)  
  19  1:59  Probe (Chrono Boost)  
  20  2:01  Zealot  
  20  2:03  Probe (Chrono Boost)  
  23  2:15  Probe  
  24  2:24  Pylon  
  24  2:26  Pylon  
  24  2:28  Zealot  
  26  2:39  Pylon  
  26  2:43  Pylon  
  26  3:05  Pylon  
  26  3:15  Cybernetics Core  
  26  3:17  Zealot  
  28  3:34  Gateway  
  28  3:44  Zealot  
  30  3:57  Forge  
  30  4:06  Warp Gate  
  30  4:17  Assimilator  
  30  4:20  Probe  
  30  4:23  Zealot x2  
  35  4:32  Probe  
  36  4:43  Robotics Facility  
  36  4:50  Zealot  
  36  4:52  Pylon  
  38  5:01  Pylon  
  38  5:09  Pylon  
  38  5:22  Photon Cannon  
  38  5:34  Photon Cannon  
  38  5:41  Photon Cannon  
  38  5:43  Zealot  
  40  6:01  Photon Cannon  
  40  6:14  Warp Prism  
  42  6:29  Photon Cannon  
  42  6:38  Zealot  
  44  6:40  Zealot  
  48  8:27  Zealot x2  
  50  8:42  Pylon  
  50  8:45  Pylon  
  50  8:48  Pylon  
  50  8:51  Pylon  
  50  8:54  Zealot x2  
  50  8:55  Pylon  
  54  9:05  Pylon  
  54  9:09  Pylon  
  54  9:21  Zealot x2  
  58  9:48  Zealot x2  
  62  9:55  Observer  
  63  10:01  Photon Cannon  
  63  10:06  Probe  
  64  10:08  Photon Cannon  
  64  10:15  Zealot x2  
  64  10:18  Probe  
  69  10:30  Immortal  
  73  10:35  Probe  
  73  10:42  Stalker x2  
  78  10:47  Probe  
  79  11:12  Stalker x2  
  83  11:30  Immortal (Chrono Boost)  
  87  11:49  Zealot x2  
  91  12:02  Immortal  
  95  12:41  Immortal  
  43  13:31  Immortal  
  47  13:37  Zealot x2  
  51  14:04  Zealot x2  
  51  14:06  Photon Cannon  
  55  14:10  Immortal  
  55  14:11  Photon Cannon  
  59  14:21  Photon Cannon  
  59  14:30  Stargate  
  59  14:31  Stalker x2  
  63  14:44  Photon Cannon  
  63  14:48  Photon Cannon  
  63  14:49  Immortal  
  67  15:01  Zealot, Stalker  
  74  15:28  Immortal  
  74  15:33  Phoenix  
  47  15:58  Phoenix  
  11  17:18  Pylon  
  11  18:16  Nexus  
  3  19:37  Probe  
  4  19:49  Probe  
  5  20:01  Probe  
  6  20:13  Probe  
  7  20:26  Probe  
  8  20:38  Probe  
  9  20:50  Probe (Chrono Boost)  
Show
View Real Time Build Order
Export as new Build Order

NamroodTuo Terran - Winner!

Build Orders:  

Get SALT Encoding   

  12  0:13  SCV  
  13  0:23  Supply Depot  
  13  0:27  SCV  
  14  0:39  SCV  
  15  0:49  Supply Depot  
  15  0:52  SCV  
  16  1:04  SCV  
  17  1:19  Barracks  
  17  1:22  SCV  
  18  1:34  SCV  
  19  1:46  SCV  
  20  2:00  SCV  
  21  2:17  Command Center  
  21  2:21  SCV  
  22  2:33  SCV  
  23  2:45  SCV  
  24  2:57  SCV  
  25  3:06  Refinery  
  25  3:08  Refinery  
  25  3:10  SCV  
  26  3:44  SCV  
  26  3:48  Supply Depot  
  27  4:02  SCV  
  28  4:11  SCV  
  28  4:14  SCV  
  30  4:23  SCV  
  31  4:26  SCV  
  32  4:31  Supply Depot  
  32  4:33  Engineering Bay  
  32  4:36  SCV  
  33  4:38  SCV  
  33  4:43  Barracks Tech Lab  
  33  4:45  Factory  
  34  4:48  SCV  
  34  4:50  SCV  
  36  5:00  SCV  
  36  5:02  SCV  
  36  5:05  Marine  
  39  5:11  Supply Depot  
  39  5:12  SCV  
  40  5:15  SCV, Supply Depot  
  41  5:23  Marine  
  41  5:24  SCV  
  41  5:27  SCV  
  44  5:35  Starport  
  44  5:36  SCV  
  44  5:39  SCV  
  44  5:40  Marine  
  47  5:43  Hi-Sec Auto Tracking  
  47  5:45  Armory  
  47  5:48  SCV  
  48  5:51  SCV  
  49  5:58  Marine  
  49  6:00  SCV  
  49  6:03  SCV, Combat Shield  
  52  6:12  SCV  
  52  6:15  SCV  
  52  6:16  Marine  
  55  6:19  Command Center  
  55  6:24  SCV  
  56  6:27  SCV  
  57  6:35  Refinery  
  57  6:39  SCV, Refinery  
  59  6:40  SCV, Neosteel Armor  
  59  6:44  Unknown  
  59  6:47  Unknown  
  59  6:50  Unknown  
  59  6:51  SCV  
  59  6:52  SCV  
  61  6:55  Supply Depot  
  61  6:59  Supply Depot x2  
  61  7:00  Starport, Starport Tech Lab  
  61  7:03  SCV  
  61  7:04  Fusion Core, SCV  
  63  7:16  SCV x2  
  65  7:28  SCV x2  
  67  7:34  Viking  
  69  7:39  Starport Tech Lab  
  69  7:40  SCV x2  
  71  7:52  Armory, Terran Vehicle Weapons Level 1, SCV  
  71  7:54  Weapon Refit  
  72  8:04  SCV, Viking  
  64  8:29  Battlecruiser  
  61  8:45  Battlecruiser  
  61  8:48  SCV  
  68  9:00  SCV  
  67  9:33  Battlecruiser  
  73  9:57  SCV  
  74  10:09  SCV, Hyperflight Rotors  
  75  10:17  Terran Vehicle And Ship Armor Level 1  
  75  10:21  SCV  
  76  10:23  Rapid Reignition System  
  76  10:28  Cloaking Field  
  76  10:33  SCV x2  
  78  10:37  Medivac  
  80  10:45  SCV  
  80  10:46  SCV  
  82  10:51  Unknown  
  82  10:56  Unknown  
  82  10:57  SCV  
  82  10:58  SCV  
  84  11:07  Medivac  
  84  11:09  SCV  
  84  11:10  SCV  
  88  11:21  SCV  
  88  11:22  SCV, Battlecruiser  
  96  11:33  SCV  
  96  11:37  Battlecruiser  
  103  11:41  Terran Vehicle Weapons Level 2  
  103  11:45  SCV  
  104  11:58  SCV  
  104  12:01  Supply Depot  
  105  12:02  Supply Depot  
  105  12:03  Supply Depot  
  105  12:05  Supply Depot  
  105  12:07  Supply Depot  
  105  12:11  Terran Ship Weapons Level 1  
  105  12:15  Missile Turret  
  105  12:16  Missile Turret  
  105  12:26  SCV  
  106  12:35  Missile Turret x2  
  106  12:36  Missile Turret  
  106  12:38  SCV, Missile Turret  
  106  12:41  Battlecruiser  
  113  12:45  Battlecruiser  
  113  12:50  SCV  
  118  12:55  Missile Turret  
  118  12:56  Missile Turret  
  118  12:57  Missile Turret  
  100  13:00  Missile Turret  
  100  13:02  SCV  
  96  13:14  SCV  
  96  13:17  Missile Turret  
  96  13:18  Missile Turret  
  96  13:37  SCV  
  96  13:38  Missile Turret  
  97  13:46  Battlecruiser  
  103  13:49  SCV, Battlecruiser  
  103  13:53  Unknown  
  110  14:01  SCV  
  111  14:03  Unknown  
  111  14:07  Terran Vehicle And Ship Armor Level 2  
  111  14:09  Terran Ship Weapons Level 2  
  111  14:13  SCV  
  112  14:25  SCV  
  113  14:37  SCV  
  113  14:38  SCV  
  115  14:49  SCV  
  115  14:50  Battlecruiser, SCV  
  123  14:53  Battlecruiser  
  129  15:02  SCV  
  130  15:14  SCV  
  131  15:26  SCV  
  132  15:29  Supply Depot  
  132  15:30  Supply Depot  
  132  15:32  Supply Depot  
  132  15:33  Supply Depot  
  132  15:34  Supply Depot  
  132  15:54  Battlecruiser  
  138  15:58  Battlecruiser  
  144  16:58  Raven  
  146  17:02  Terran Infantry Weapons Level 1, Battlecruiser  
  152  17:11  Terran Vehicle And Ship Armor Level 3  
  152  17:33  Battlecruiser  
  158  17:37  Advanced Ballistics  
  158  17:42  Terran Ship Weapons Level 3  
  156  18:06  Battlecruiser  
  162  18:37  Battlecruiser  
  168  18:44  Supply Depot x2  
  168  18:45  Supply Depot  
  168  18:46  Supply Depot  
  168  18:56  Terran Infantry Armor Level 1  
  166  19:10  Battlecruiser  
  172  19:41  Battlecruiser  
  178  20:15  Battlecruiser  
Tags
 
Add a new tag
Caveats
  • Supply blocks, unpowered buildings, or Contaminate may cause inaccurate times.
  • Supply counts are checked every 10 seconds.